 Dungeon Crawl Stone Soup version 5.2-56-g927a965 (webtiles) character file.

3702 shoop the Carver (level 11, -2/70 HPs)
             Began as an Octopode Skald on Feb 5, 2018.
             Was a High Priest of Zin.
             Slain by a wolf spider (7 damage)
             ... on level 9 of the Dungeon on Feb 6, 2018.
             The game lasted 00:31:58 (9763 turns).

shoop the Carver (Octopode Skald)                   Turns: 9763, Time: 00:31:58

Health: -2/70      AC: 12 (0%)Str: 15   XL:     11   Next: 60%
Magic:  11/12      EV: 16    Int: 22    God:    Zin [5*[139]]
Gold:   549        SH:  3    Dex: 22    Spells: 11/18 levels left

rFire    . . .     SeeInvis +   b - +3 long sword
rCold    . . .     Faith    .   (no shield)
rNeg     . . .     Spirit   .   (helmet restricted)
rPois    ∞         Reflect  +   u - amulet "Voryz" {Reflect Dex+4 SH+3}
rElec    .                      k - +5 ring of intelligence
rCorr    .                      w - +6 ring of protection
MR       .....                  F - ring of see invisible
Stlth    ++++++++..             (no ring)
Regen    0.3/turn               (no ring)
MPRegen  0.2/turn               (no ring)
                                (no ring)
                                (no ring)

@: vitalised, icy armour
A: almost no armour, stealthy swim, amphibious, 8 rings, constrict 8,
camouflage, gelatinous body 1
a: End Ozocubu's Armour, Recite, Vitalisation, Imprison, Sanctuary, Donate Gold,
Renounce Religion


You were on level 9 of the Dungeon.
You worshipped Zin.
Zin was extremely pleased with you.
You were not hungry.

You visited 1 branch of the dungeon, and saw 9 of its levels.

You collected 609 gold pieces.
You donated 60 gold pieces to Zin.

Inventory:

Hand Weapons
 a - a +2 dagger of venom
 b - a +3 long sword (weapon)
Missiles
 c - 3471 stones (quivered)
 j - 355 bolts
 r - 9 frenzy darts
 s - 64 tomahawks
 y - 91 javelins
 A - 863 arrows
 D - 56 poisoned darts
 H - 9 curare darts
Jewellery
 k - a +5 ring of intelligence (left tentacle)
 u - the amulet "Voryz" (around mantle) {Reflect Dex+4 SH+3}
   (You found it on level 4 of the Dungeon)

   [amulet of reflection]

   It shields you and reflects attacks.
   It affects your dexterity (+4).
   It affects your SH (+3).
 w - a +6 ring of protection (right tentacle)
 F - a ring of see invisible (on tentacle)
Wands
 d - a wand of lightning (11)
 f - a wand of iceblast (23)
 x - a wand of flame (9)
 z - a wand of confusion (10)
Scrolls
 e - 3 scrolls of enchant weapon
 g - 7 scrolls of fog
 h - a scroll of teleportation
 i - 2 scrolls of enchant armour
 l - 2 scrolls of fear
 n - a scroll of silence
 t - 2 scrolls of amnesia
 B - 2 scrolls of blinking
Potions
 m - 5 potions of curing
 o - a potion of ambrosia
 p - 2 potions of augmentation
 q - a potion of invisibility
 v - 3 potions of haste
 C - a potion of cancellation
 E - 2 potions of resistance
 G - a potion of flight
 I - a potion of heal wounds


   Skills:
 + Level 4.4 Fighting
 + Level 10.6 Blades
 + Level 4.2 Dodging
 - Level 10.0 Stealth
 - Level 4.0 Spellcasting
 - Level 3.0 Hexes
 - Level 5.0 Charms
 - Level 4.0 Ice Magic
 + Level 9.2 Invocations


You had 11 spell levels left.
You knew the following spells:

 Your Spells              Type           Power        Failure   Level  Hunger
a - Infusion              Chrm           25 (25)      1%          1    N/A
c - Ensorcelled Hibernat  Hex/Ice        19 (50)      4%          2    N/A
p - Ozocubu's Armour      Chrm/Ice       24 (100)     17%         4    N/A

Dungeon Overview and Level Annotations

Branches:
Dungeon (9/15)

Altars:
Cheibriados
Dithmenos
Elyvilon
Gozag
Hepliaklqana
Jiyva
Kikubaaqudgha
Makhleb
Nemelex Xobeh
Okawaru
Qazlal
Ru
Sif Muna
Trog
Uskayaw
Vehumet
Wu Jian
Xom
Yredelemnul
Zin
The Shining One

Annotations:
D:8 exclusion: ice statue


Innate Abilities, Weirdness & Mutations

You cannot wear most types of armour.
You are very stealthy in the water.
You are amphibious.
You can wear up to eight rings at the same time.
You can use your tentacles to constrict eight enemies at once.
Your skin blends seamlessly with your surroundings (Stealth+++).
Your rubbery body absorbs attacks. (AC +1, EV +1)


Message History

The sphinx is severely wounded.
The sphinx casts a spell.
The sphinx is healed somewhat.
You slash the sphinx (8)! You squeeze the sphinx (5).
The sphinx is almost dead.
The sphinx mumbles some strange words.
Something smites you (10)!
You slash the sphinx (11)! Your squeeze misses the sphinx.
The sphinx is almost dead.
The sphinx casts a spell.
Something smites you (15)!
You slash the sphinx (9)!
You kill the sphinx!
Your Fighting skill increases to level 4!
Your Dodging skill increases to level 4!
Your Invocations skill increases to level 9!
The wolf spider hits you (17)!
* * * LOW HITPOINT WARNING * * *
The wolf spider bites you (7)!
You die...

....## ##..###.#.....#.### ##
....# #..## ##.#.#.#.## # ##..#
#.## #...#.#...# # .#..# #.#
##.#...#.## #
.#.#####.#########.##### ##
+#.##.......##.........# .W
...##......)##.#######.# ##. . #.
...##.......##.#.sC..#.#.##)Q.##.
...###'###+###.#@# .#.#$..# #...
........#......#.# [#$.# #
...##...#...##.#.###.#.#...# #...
..)##'#+#+#+##.#....)#.# ##$z.##.
...##.#.#.#.##.###'###.# #. . #.
##.#.........#.........# .Z
#..#####.#########.##### ## #+..#
#.# #......##.# # # ....# #.##
#####...#)# .# #


You could see a frost giant and a wolf spider.

Vanquished Creatures
  A sphinx (D:9)
  A great orb of eyes (D:9)
  A glowing orange brain (shapeshifter) (D:9)
  A manticore (D:9)
  Joseph (D:8)
  An ice devil (D:8)
  Sigmund (D:4)
  6 yaks (D:8)
  2 wyverns (D:9)
  4 angry ghosts
  Menkaure (D:8)
  Edmund (D:4)
  A spiny frog zombie (D:8)
  Duvessa (D:6)
  3 orc warriors
  A spiny frog skeleton (D:7)
  2 ice beasts
  2 phantoms (D:9)
  6 ogres
  2 black bears
  A blink frog zombie (D:9)
  3 centaurs
  2 bullfrogs
  3 rime drake skeletons
  2 wyvern zombies
  A water moccasin zombie (D:9)
  3 scorpions
  9 killer bees (D:7)
  Dowan (D:6)
  6 crimson imps
  3 wights (D:6)
  A howler monkey (D:3)
  A centaur zombie (D:7)
  3 quasits
  2 hounds (D:5)
  2 centaur skeletons
  3 orc priests
  2 jellies
  7 orc wizards
  9 worker ants
  3 iguanas
  2 killer bee zombies
  A hound zombie (D:7)
  A hound skeleton (D:4)
  5 adders
  2 shadow imps
  2 oozes
  2 ufetubi (D:8)
  An adder skeleton (D:5)
  A dart slug (D:1)
  22 orcs
  5 quokkas
  2 bats
  5 giant cockroaches
  5 hobgoblins
  8 jackals
  15 kobolds
  2 ball pythons
  6 frilled lizards
  12 goblins
  9 rats
214 creatures vanquished.

Vanquished Creatures (others)
  3 ufetubi (D:8)
  4 toadstools (D:1)
7 creatures vanquished.

Grand Total: 221 creatures vanquished

Notes
Turn   | Place    | Note
-------+----------+-------------------------------------------
     0 | D:1      | shoop the Octopode Skald began the quest for the Orb.
     0 | D:1      | Reached XP level 1. HP: 14/14 MP: 3/3
   137 | D:1      | Reached skill level 1 in Stealth
   137 | D:1      | Reached XP level 2. HP: 14/19 MP: 5/5
   664 | D:1      | Reached XP level 3. HP: 24/24 MP: 6/6
  1048 | D:2      | Found a glowing silver altar of Zin.
  1048 | D:2      | Noticed an angel
  1075 | D:2      | Became a worshipper of Zin the Law-Giver
  1148 | D:2      | Reached * piety under Zin
  1205 | D:2      | Found a shimmering altar of Xom.
  1208 | D:2      | Found a shimmering altar of Xom.
  1210 | D:2      | Found a shimmering altar of Xom.
  1242 | D:2      | Found a shadowy altar of Dithmenos.
  1451 | D:2      | Reached XP level 4. HP: 29/29 MP: 7/7
  1503 | D:2      | Reached ** piety under Zin
  1514 | D:2      | Found a hazy altar of Hepliaklqana.
  1698 | D:2      | Learned a level 4 spell: Ozocubu's Armour
  1731 | D:3      | Reached skill level 1 in Ice Magic
  1924 | D:3      | Reached XP level 5. HP: 26/34 MP: 8/8
  2054 | D:3      | Found a stormy altar of Qazlal.
  2105 | D:3      | Found a basalt altar of Yredelemnul.
  2416 | D:3      | Reached XP level 6. HP: 39/39 MP: 9/9
  2456 | D:3      | Found a burning altar of Makhleb.
  2543 | D:3      | Found an iron altar of Okawaru.
  2983 | D:4      | Noticed an angry ghost
  3005 | D:4      | Killed an angry ghost
  3005 | D:4      | Reached XP level 7. HP: 45/45 MP: 3/3
  3145 | D:4      | Noticed Sigmund
  3153 | D:4      | Killed Sigmund
  3170 | D:4      | Found a sacrificial altar of Ru.
  3219 | D:4      | Noticed Edmund
  3234 | D:4      | Killed Edmund
  3295 | D:4      | Found a snail-covered altar of Cheibriados.
  3322 | D:4      | Got the amulet "Voryz" {Reflect Dex+4 SH+3}
  3353 | D:4      | Reached skill level 5 in Blades
  3389 | D:4      | Reached *** piety under Zin
  3422 | D:4      | Reached XP level 8. HP: 35/50 MP: 5/5
  3607 | D:4      | Found a white marble altar of Elyvilon.
  3741 | D:5      | Entered Level 5 of the Dungeon
  3745 | D:5      | Found an opulent altar of Gozag.
  3949 | D:5      | Found an ornate altar of the Wu Jian Council.
  3963 | D:5      | Reached skill level 5 in Stealth
  4000 | D:5      | Found a viscous altar of Jiyva.
  4042 | D:5      | Found a radiant altar of Vehumet.
  4301 | D:5      | Learned a level 2 spell: Ensorcelled Hibernation
  4477 | D:6      | Reached skill level 5 in Charms
  4530 | D:6      | Reached skill level 1 in Hexes
  4720 | D:6      | Noticed Dowan
  4793 | D:6      | Found a glowing golden altar of the Shining One.
  4842 | D:6      | Reached XP level 9. HP: 54/54 MP: 9/9
  4880 | D:6      | Noticed Duvessa
  4885 | D:6      | Killed Dowan
  4885 | D:6      | Reached skill level 1 in Invocations
  5047 | D:6      | Found a hide-covered altar of Uskayaw.
  5250 | D:6      | Killed Duvessa
  5449 | D:7      | Found a deep blue altar of Sif Muna.
  5451 | D:7      | Reached **** piety under Zin
  5591 | D:7      | Found a sparkling altar of Nemelex Xobeh.
  6173 | D:7      | Found an ancient bone altar of Kikubaaqudgha.
  6382 | D:7      | Found a sparkling altar of Nemelex Xobeh.
  6431 | D:7      | Noticed a moth of wrath
  6434 | D:7      | Found a bloodstained altar of Trog.
  6646 | D:8      | Reached skill level 5 in Invocations
  6646 | D:8      | Reached XP level 10. HP: 48/60 MP: 10/10
  6719 | D:8      | HP: 2/60 [yak (10)]
  7107 | D:8      | Reached skill level 10 in Stealth
  7164 | D:8      | Found a bloodstained altar of Trog.
  7246 | D:8      | Noticed Menkaure
  7248 | D:8      | Killed Menkaure
  7326 | D:8      | Noticed Joseph
  7378 | D:8      | Noticed an ice statue
  7651 | D:8      | Killed Joseph
  7661 | D:8      | Reached ***** piety under Zin
  8563 | D:9      | Noticed a tengu warrior
  8563 | D:9      | Noticed a skeletal warrior
  9449 | D:9      | Reached skill level 10 in Blades
  9504 | D:9      | Reached XP level 11. HP: 59/65 MP: 11/11
  9622 | D:9      | Noticed a manticore
  9625 | D:9      | Killed a manticore
  9645 | D:9      | Noticed a glowing orange brain
  9647 | D:9      | Killed a glowing orange brain
  9674 | D:9      | Noticed a great orb of eyes
  9677 | D:9      | Killed a great orb of eyes
  9747 | D:9      | Noticed a sphinx
  9749 | D:9      | Noticed a wolf spider
  9755 | D:9      | Noticed a frost giant
  9763 | D:9      | Killed a sphinx
  9763 | D:9      | Slain by a wolf spider

Skill      XL: |  1  2  3  4  5  6  7  8  9 10 11 |
---------------+----------------------------------+-----
Stealth        | 1 2 3 4 5 9 10 | 10.0
Blades         | 3 4 5 6 8 10 | 10.6
Dodging        | 2 4 |  4.2
Ice Magic      | 2 3 4 |  4.0
Spellcasting   | 3 4 |  4.0
Charms         | 4 5 |  5.0
Hexes          | 3 |  3.0
Invocations    | 5 8 9 |  9.2
Fighting       | 4 |  4.4

Action                   |  1- 3 |  4- 6 |  7- 9 | 10-12 || total
-------------------------+-------+-------+-------+-------++-------
Melee: Rapier            |     8 |       |       |       ||     8
       Dagger            |    50 |    80 |   194 |    42 ||   366
       Constrict         |     9 |    17 |    37 |    19 ||    82
       Tentacles         |     6 |    18 |    70 |    61 ||   155
       Long sword        |       |       |    52 |   204 ||   256
Throw: Stone             |       |     2 |     4 |     1 ||     7
 Cast: Ozocubu's Armour  |       |     1 |     1 |       ||     2
       Ensorcelled Hiber |       |       |     2 |     2 ||     4
Invok: Recite            |       |     1 |     2 |     1 ||     4
       Vitalisation      |       |       |       |     4 ||     4
Evoke: Wand              |       |       |       |     1 ||     1
  Use: Scroll            |       |       |     1 |     1 ||     2
       Potion            |       |       |       |     1 ||     1
 Stab: Sleeping          |    16 |    18 |    33 |    30 ||    97
       Distracted        |     1 |     1 |       |     1 ||     3
Armor: Skin              |       |     2 |    69 |    45 ||   116
Dodge: Dodged            |    22 |    19 |   131 |   102 ||   274
Block: Other             |       |       |    21 |    22 ||    43
       Reflection        |       |       |     2 |       ||     2
